 Dungeon Crawl Stone Soup version 0.24-a0-235-g3f03afcf10 (webtiles) character file.

Game seed: 5891611036232652695

9114 MrRokkomies the Thrower (level 11, 0/117 HPs)
             Began as an Ogre Hunter on Apr 7, 2019.
             Was a Priest of Dithmenos.
             Slain by a blink frog (19 damage)
             ... on level 2 of the Lair of Beasts.
             The game lasted 00:31:27 (11409 turns).

MrRokkomies the Thrower (Ogre Hunter)              Turns: 11409, Time: 00:31:27

Health: 0/117      AC: 12    Str: 18    XL:     11   Next: 41%
Magic:  11/11      EV: 12    Int: 13    God:    Dithmenos [***...]
Gold:   498        SH:  0    Dex: 11    Spells: 4/10 levels left

rFire    + . .     SeeInvis .   a - +2 whip (venom)
rCold    . . .     Gourm    .   (no shield)
rNeg     . . .     Faith    .   N - +2 robe {rF+}
rPois    .         Spirit   .   (helmet restricted)
rElec    .         Reflect  .   (no cloak)
rCorr    .         Harm     .   (gloves unavailable)
MR       +....                  (boots unavailable)
Stlth    ++........             n - amulet of the acrobat
HPRegen  0.29/turn              k - +3 ring of protection
MPRegen  0.12/turn              u - +4 ring of protection

@: wreathed by umbra
A: large, unfitting armour, tough skin 1
a: Shadow Step, Renounce Religion


You were on level 2 of the Lair of Beasts.
You worshipped Dithmenos.
Dithmenos was most pleased with you.
You were not hungry.

You visited 2 branches of the dungeon, and saw 11 of its levels.

You collected 498 gold pieces.

Inventory:

Hand Weapons
 a - a +2 whip of venom (weapon)
 b - a +0 whip of electrocution
 w - a +0 flail of venom
 M - a +0 giant spiked club
Missiles
 c - 4 large rocks
 d - a throwing net
 e - 323 stones (quivered)
 I - 39 poisoned needles
Armour
 N - a +2 robe of fire resistance (worn)
Jewellery
 g - an uncursed ring of flight
 h - an uncursed ring of positive energy
 j - an uncursed ring of poison resistance
 k - a +3 ring of protection (left hand)
 n - an amulet of the acrobat (around neck)
 o - an uncursed amulet of regeneration
 t - an uncursed ring of wizardry
 u - a +4 ring of protection (right hand)
 y - an uncursed amulet of faith
 E - an uncursed ring of see invisible
Wands
 p - a wand of acid (9)
Scrolls
 m - a scroll of enchant weapon
 s - 6 scrolls of remove curse
 v - 4 scrolls of blinking
 C - a scroll of immolation
 H - a scroll of magic mapping
 J - a scroll of fear
 L - a scroll of enchant armour
Potions
 i - 5 potions of curing
 q - 4 potions of flight
 r - 3 potions of cancellation
 z - 3 potions of ambrosia
 A - 4 potions of haste {unknown}
 B - a potion of resistance {unknown}
 D - a potion of degeneration {unknown}
 G - 2 potions of lignification {unknown}
 K - a potion of brilliance {unknown}
 O - 2 potions of agility {unknown}
 P - a potion of magic {unknown}
Comestibles
 f - 24 rations


   Skills:
 - Level 10.1 Fighting
 * Level 8.9 Maces & Flails
 - Level 10.3 Throwing
 * Level 5.5 Dodging
 - Level 0.6 Stealth
 + Level 5.1 Summonings


You had 4 spell levels left.
You knew the following spells:

 Your Spells              Type           Power        Failure   Level  Hunger
a - Summon Butterflies    Summ           ##......     3%          1    ##.....
b - Blink                 Tloc           N/A          43%         2    ###....
c - Call Canine Familiar  Summ           ##......     12%         3    ####...

Your spell library contained the following spells:

 Spells                   Type           Power        Failure   Level  Hunger
 Call Imp                 Summ           ##......     6%          2    ###....
 Corona                   Hex            #......      30%         1    ##.....
 Magic Dart               Conj           #...         30%         1    ##.....
 Searing Ray              Conj           #.....       43%         2    ###....
 Slow                     Hex            #.......     43%         2    ###....
 Conjure Flame            Conj/Fire      #.......     67%         3    ####...
 Dazzling Spray           Conj/Hex       #.....       67%         3    ####...
 Inner Flame              Hex/Fire       #.......     67%         3    ####...
 Mephitic Cloud           Conj/Pois/Air  #.......     67%         3    ####...
 Portal Projectile        Hex/Tloc       #.....       67%         3    ####...
 Summon Ice Beast         Ice/Summ       #.......     73%         4    #####..
 Cause Fear               Hex            #.........   97%         4    #####..
 Force Lance              Conj/Tloc      #.......     97%         4    #####..
 Fulminant Prism          Conj/Hex       #.........   97%         4    #####..
 Iskenderun's Mystic Bla  Conj           #.......     97%         4    #####..
 Leda's Liquefaction      Hex/Erth       #.........   97%         4    #####..
 Summon Mana Viper        Hex/Summ       #.......     97%         5    ######.
 Summon Hydra             Summ           ##........   100%        7    #######


Dungeon Overview and Level Annotations

Branches:
Dungeon (9/15)             Temple (0/1) D:4            Lair (2/6) D:9
  Swamp: Lair:2-4    Shoals: Lair:2-4     Snake: Lair:2-4    Spider: Lair:2-4
    Orc: D:9-12

Altars:
Dithmenos
Fedhas
Okawaru
Qazlal
Trog
Vehumet
Xom
Yredelemnul
Zin

Shops:
D:4 !   D:7 *

Annotations:
D:2 1 runed translucent door


Innate Abilities, Weirdness & Mutations

You are too large for most types of armour.
You have tough skin. (AC +1)


Message History

The blink frog closely misses you.
You closely miss the blink frog.
The blink frog is heavily wounded.
The blink frog looks more healthy.
The blink frog hits you.
* * * LOW HITPOINT WARNING * * *
The blink frog blinks!
The blink frog closely misses you.
You barely miss the blink frog.
The blink frog is heavily wounded.
The blink frog hits you!
* * * LOW HITPOINT WARNING * * *
You barely miss the blink frog.
The blink frog is heavily wounded.
Fire/throw which item? (* to show all) (? for menu, Esc to quit)
Throwing (i - inventory. (/) - cycle)
e - 323 stones (quivered)
Press: ? - help, Shift-Dir - straight line, f - blink frog
Aim: a blink frog (translocational energy, moderately wounded, umbra)
You throw a large rock.
The large rock barely misses the blink frog.
The blink frog hits you!!
You die...

.. #..###..#(.$.....#
........F.§((.......
##.###..####........
....P.######.(..P.#.
......#..#((..(#(# .
..P..........÷((.#
.P...P#.P.........÷##
..#..###........†F..#
.........(.....F@P..#
.......##....(.######
......# #(.....#
#.#### #.....#..# #
#......##P#
##.....P### #...####
#####


You could see 2 blink frogs.

Vanquished Creatures
  A hydra (Lair:1)
  A black mamba (Lair:1)
  3 spiny frogs
  A komodo dragon (Lair:1)
  8 blink frogs
  Sigmund (D:3)
  A yak (Lair:1)
  A spriggan (D:7)
  Eustachio (D:6)
  4 water moccasins
  4 porcupines
  3 orc warriors
  A phantom (D:5)
  A sky beast (D:6)
  A black bear (Lair:2)
  An eye of draining (D:8)
  An ice beast (D:9)
  A wolf (Lair:1)
  An ogre (D:7)
  3 centaurs
  5 crocodiles
  7 bullfrogs
  5 scorpions
  9 killer bees
  2 howler monkeys (D:8)
  A bullfrog zombie (D:5)
  A quasit (D:9)
  A centaur skeleton (D:4)
  3 orc priests (D:9)
  3 jellies
  3 hounds
  11 orc wizards
  A gnoll shaman (D:7)
  3 iguanas
  10 worker ants
  A killer bee zombie (D:6)
  A hound skeleton (D:6)
  A worker ant zombie (D:6)
  Robin (D:3)
  8 gnolls
  2 howler monkey skeletons
  13 adders
  A shadow imp (D:9)
  An adder zombie (D:7)
  2 adder skeletons (D:4)
  2 worms
  3 dart slugs (D:2)
  4 leopard geckos
  32 orcs
  6 ball pythons
  7 giant cockroaches
  20 goblins
  12 hobgoblins
  6 jackals
  4 quokkas
  A ball python skeleton (D:4)
  10 bats
  3 frilled lizards
  A goblin zombie (D:2)
  7 kobolds
  12 rats
  A plant (Lair:1)
266 creatures vanquished.

Notes
Turn   | Place    | Note
-------+----------+-------------------------------------------
     0 | D:1      | MrRokkomies the Ogre Hunter began the quest for the Orb.
     0 | D:1      | Reached XP level 1. HP: 22/22 MP: 1/1
   107 | D:1      | Reached XP level 2. HP: 23/31 MP: 2/2
   590 | D:1      | Reached XP level 3. HP: 34/39 MP: 3/3
  1067 | D:2      | Found a runed translucent door.
  1067 | D:2      | Noticed a human
  1117 | D:2      | Found a basalt altar of Yredelemnul.
  1228 | D:2      | Reached skill level 1 in Maces & Flails
  1228 | D:2      | Reached XP level 4. HP: 47/48 MP: 4/4
  1864 | D:3      | Reached skill level 5 in Throwing
  1864 | D:3      | Reached XP level 5. HP: 46/55 MP: 5/5
  2034 | D:3      | Reached skill level 5 in Fighting
  2097 | D:3      | Noticed Sigmund
  2100 | D:3      | Killed Sigmund
  2100 | D:3      | Reached XP level 6. HP: 67/67 MP: 6/6
  2196 | D:3      | Noticed Robin
  2248 | D:3      | Killed Robin
  2443 | D:3      | You fall through a shaft for 2 floors!
  2443 | D:5      | Entered Level 5 of the Dungeon
  2478 | D:5      | Reached XP level 7. HP: 58/76 MP: 7/7
  2614 | D:5      | Learned a level 1 spell: Summon Butterflies
  2652 | D:4      | Found Tifen's Distillery.
  2880 | D:4      | Found a shadowy altar of Dithmenos.
  2889 | D:4      | Found a glowing silver altar of Zin.
  2896 | D:4      | Became a worshipper of Dithmenos the Shadowed
  3134 | D:4      | Found a staircase to the Ecumenical Temple.
  3751 | D:5      | Reached XP level 8. HP: 85/88 MP: 8/8
  3831 | D:5      | Found a bloodstained altar of Trog.
  3883 | D:5      | Found a stormy altar of Qazlal.
  4138 | D:6      | Found an iron altar of Okawaru.
  4144 | D:6      | Reached * piety under Dithmenos
  4531 | D:6      | Noticed Eustachio
  4535 | D:6      | Killed Eustachio
  4976 | D:6      | Found a shimmering altar of Xom.
  5265 | D:7      | Found a radiant altar of Vehumet.
  5681 | D:7      | Found Fuut's Assorted Antiques.
  5706 | D:7      | Reached XP level 9. HP: 100/100 MP: 9/9
  6159 | D:7      | Reached skill level 10 in Fighting
  6624 | D:8      | Reached skill level 1 in Summonings
  6696 | D:8      | Reached skill level 5 in Maces & Flails
  6709 | D:8      | Reached ** piety under Dithmenos
  6945 | D:8      | Learned a level 2 spell: Blink
  6949 | D:8      | Learned a level 3 spell: Call Canine Familiar
  6966 | D:8      | Found a blossoming altar of Fedhas.
  7488 | D:9      | Reached XP level 10. HP: 77/110 MP: 10/10
  8145 | D:9      | Reached skill level 10 in Throwing
  8148 | D:9      | Reached *** piety under Dithmenos
  8925 | D:9      | Found a staircase to the Lair.
  9148 | Lair:1   | Entered Level 1 of the Lair of Beasts
  9156 | Lair:1   | Noticed a spiny frog
  9168 | Lair:1   | Killed a spiny frog
  9265 | Lair:1   | Noticed an eight-headed hydra
  9277 | Lair:1   | Killed an eight-headed hydra
  9892 | Lair:1   | Reached XP level 11. HP: 72/117 MP: 11/11
 10912 | Lair:2   | Reached skill level 5 in Dodging
 10970 | Lair:2   | Reached skill level 5 in Summonings
 11005 | Lair:2   | HP: 1/117 [blink frog (13)]
 11409 | Lair:2   | Slain by a blink frog

Levels and vault maps discovered:
D:1:      giann_horns, layout_basic
D:2:      layout_basic, dk_yredelemnul_ordeal
D:3:      minmay_general_purpose_star, layout_basic, first_ration,
          minmay_shallow_snake_nest, uniq_robin, uniq_sigmund
D:4:      layout_loops_ring, amethyst_overflow_temple_binary,
          minmay_temple_entry_wispy, serial_shops,
          nicolae_shop_temple_entry_statues_fountains
D:5:      layout_cave_pools, lemuel_round_altar, grunt_qazlal_sundering
D:6:      layout_cave_pods, xom_teletrap_fun, basic_altar, hex_medium,
          minmay_holes, uniq_eustachio
D:7:      layout_loops_cross, overflow_temple_1_default, the_bakery,
          chequers_decorated_corner, kennysheep_windowed_goal
D:8:      layout_rooms, fedhas_ov_isle_minmay
D:9:      layout_gridville, grunt_lair_entry_orc_guard_hut,
          minmay_misc_feat_nine_boxes, minivault_26
Lair:1:   layout_regular_city, serial_bayou_pond_e, beast_lair_carwin_7
Lair:2:   layout_misc_corridors, minmay_shoals_entry_beasts,
          gammafunk_ghost_hydra_chop

Skill      XL: |  1  2  3  4  5  6  7  8  9 10 11 |
---------------+----------------------------------+-----
Fighting       | 3 4 5 6 7 9 10 | 10.1
Maces & Flails | 1 2 3 4 6 8 |  8.9
Throwing       | 5 6 8 9 10 | 10.3
Summonings     | 2 4 5 |  5.1
Dodging        | 4 5 |  5.5
Stealth        | |  0.6

Action                   |  1- 3 |  4- 6 |  7- 9 | 10-12 || total
-------------------------+-------+-------+-------+-------++-------
Melee: Short sword       |    25 |       |       |       ||    25
       Whip              |    93 |   151 |   470 |   334 ||  1048
Throw: Stone             |     7 |    25 |    25 |    28 ||    85
       Large rock        |       |     8 |     8 |     8 ||    24
       Tomahawk          |       |       |       |    57 ||    57
       Throwing net      |       |       |       |     1 ||     1
  Use: Scroll            |     5 |     1 |     6 |     8 ||    20
       Potion            |       |       |       |     4 ||     4
 Stab: Sleeping          |     2 |       |     3 |       ||     5
       Held in net/web   |       |       |       |     2 ||     2
  Eat: Chunk             |     1 |     4 |    13 |     6 ||    24
       Ration            |       |       |     1 |     2 ||     3
Armor: Robe              |    51 |    67 |   158 |   132 ||   408
       Skin              |       |       |     1 |       ||     1
Dodge: Dodged            |    63 |   103 |   272 |   224 ||   662

Table legend:
 A = Non-vault XP
 B = Vault XP
 C = Vault XP percentage of total XP
 D = Non-vault monster count
 E = Vault monster count
 F = Vault count percentage of total count
                 A         B        C        D         E       F
            +---------+---------+-------+---------+---------+-------
      Total |   10828 |    2192 |  16.8 |     224 |      41 |  15.5
            +---------+---------+-------+---------+---------+-------
        D:1 |      38 |       0 |   0.0 |      22 |       0 |   0.0
        D:2 |     118 |       1 |   0.8 |      31 |       1 |   3.1
        D:3 |     118 |     289 |  71.0 |      24 |      24 |  50.0
        D:4 |     277 |       0 |   0.0 |      15 |       0 |   0.0
        D:5 |     436 |       0 |   0.0 |      16 |       0 |   0.0
        D:6 |     531 |     202 |  27.6 |      21 |       1 |   4.5
        D:7 |     753 |     390 |  34.1 |      18 |       4 |  18.2
        D:8 |    1054 |       0 |   0.0 |      27 |       0 |   0.0
        D:9 |    1364 |     579 |  29.8 |      29 |       5 |  14.7
     Lair:1 |    4283 |     731 |  14.6 |      14 |       6 |  30.0
     Lair:2 |    1856 |       0 |   0.0 |       7 |       0 |   0.0
            +---------+---------+-------+---------+---------+-------
